Map: Ascension to Aiur LE

Players

VampyWorm

  • Race: Protoss Protoss
  • League: Master
  • Spawn Location: 5:00

Rengen - Winner!

  • Race: Protoss Protoss
  • League: Master
  • Spawn Location: 11:00

VOD

https://go.twitch.tv/videos/186074637

Description

Time

  • Played on: Oct. 28, 2017, 2:21 p.m.
  • Length: 13:54
Show
View Real Time Build Order
Export as new Build Order

VampyWorm Protoss 

Build Orders:  

Get SALT Encoding   

  12  0:01  Probe (Chrono Boost)  
  13  0:11  Probe (Chrono Boost)  
  14  0:19  Pylon  
  14  0:22  Probe (Chrono Boost)  
  15  0:37  Probe (Chrono Boost)  
  15  0:39  Gateway  
  15  0:42  Assimilator  
  16  0:48  Probe (Chrono Boost)  
  17  0:58  Probe (Chrono Boost)  
  17  1:02  Gateway  
  18  1:07  Assimilator  
  18  1:10  Probe (Chrono Boost)  
  19  1:20  Probe (Chrono Boost)  
  20  1:26  Cybernetics Core  
  20  1:31  Probe (Chrono Boost)  
  21  1:37  Pylon  
  21  1:41  Probe (Chrono Boost)  
  22  1:52  Probe (Chrono Boost)  
  23  2:04  Stalker (Chrono Boost)  
  23  2:05  Stalker (Chrono Boost)  
  23  2:08  Warp Gate (Chrono Boost)  
  27  2:12  Pylon  
  27  2:32  Stalker (Chrono Boost)  
  27  2:33  Stalker (Chrono Boost)  
  31  2:40  Mothership Core  
  33  2:49  Robotics Facility  
  33  3:01  Probe  
  31  3:22  Nexus  
  31  3:28  Pylon  
  31  3:30  Probe  
  32  3:36  Observer (Chrono Boost)  
  33  3:42  Probe  
  34  3:54  Probe  
  36  3:55  Observer (Chrono Boost)  
  36  4:07  Probe  
  37  4:10  Stalker x2  
  41  4:19  Probe  
  42  4:29  Immortal (Chrono Boost)  
  42  4:31  Probe  
  47  4:33  Probe  
  48  4:40  Sentry x2  
  48  4:43  Probe  
  48  4:44  Probe  
  54  4:54  Probe  
  54  4:55  Probe  
  54  4:57  Pylon  
  55  5:07  Probe  
  55  5:08  Immortal (Chrono Boost)  
  55  5:10  Sentry  
  55  5:14  Probe  
  62  5:19  Probe  
  64  5:24  Probe  
  64  5:28  Phoenix  
  65  5:31  Twilight Council, Probe  
  65  5:32  Assimilator  
  65  5:35  Probe  
  67  5:43  Gateway  
  67  5:45  Observer (Chrono Boost)  
  67  5:46  Gateway, Probe  
  67  5:48  Probe  
  70  6:01  Pylon  
  70  6:07  Charge (Chrono Boost)  
  70  6:08  Forge  
  70  6:10  Pylon  
  70  6:17  Probe  
  70  6:19  Probe  
  70  6:20  Immortal (Chrono Boost), Assimilator  
  76  6:28  Probe  
  76  6:31  Probe  
  77  6:33  Zealot x2  
  77  6:38  Protoss Ground Weapons Level 1  
  77  6:39  Probe  
  80  6:43  Probe  
  82  6:51  Probe  
  81  6:55  Probe  
  81  6:56  Zealot x2  
  86  7:09  Pylon  
  86  7:10  Probe  
  86  7:11  Pylon  
  84  7:26  Zealot  
  84  7:27  Immortal (Chrono Boost)  
  84  7:29  Probe  
  91  7:32  Nexus  
  91  7:37  Probe  
  91  7:38  Zealot x2  
  91  7:42  Templar Archives, Probe  
  97  8:14  Pylon  
  97  8:15  Pylon  
  97  8:24  Pylon  
  97  8:25  Pylon, Protoss Ground Weapons Level 2  
  97  8:32  Probe x2  
  97  8:34  Zealot x2  
  97  8:35  Zealot x2  
  105  8:41  Phoenix  
  105  8:44  Gateway, Probe x2  
  105  8:45  Gateway  
  105  8:46  Gateway  
  107  8:49  Probe  
  112  8:55  Immortal (Chrono Boost)  
  112  8:56  Probe x2  
  112  8:57  High Templar x4  
  112  9:01  Archon  
  112  9:02  Archon  
  120  9:03  Probe  
  121  9:13  Probe x2  
  123  9:23  Probe  
  123  9:25  Probe  
  123  9:26  Pylon, Assimilator  
  123  9:28  Pylon x2, Assimilator  
  123  9:29  Immortal (Chrono Boost)  
  123  9:31  Pylon, Photon Cannon  
  129  9:33  Pylon  
  129  9:35  High Templar x2  
  133  9:38  High Templar  
  133  9:39  High Templar  
  133  9:44  Archon x2  
  135  9:46  High Templar x2, Zealot  
  135  9:50  Archon  
  141  10:02  Probe  
  141  10:03  Warp Prism (Chrono Boost)  
  144  10:10  Probe  
  144  10:13  Probe  
  144  10:14  Probe  
  146  10:23  Photon Cannon  
  146  10:24  Photon Cannon  
  144  10:31  High Templar x2  
  144  10:32  Zealot x4  
  144  10:34  Protoss Ground Weapons Level 3  
  144  10:35  Immortal (Chrono Boost)  
  160  10:41  Archon  
  160  10:57  Zealot x3  
  161  10:58  Zealot x2  
  164  11:09  Immortal (Chrono Boost), Probe  
  169  11:12  Probe  
  169  11:13  Probe  
  171  11:27  Pylon  
  171  11:29  Pylon  
  171  11:35  Pylon  
  171  11:36  Zealot x5  
  171  11:57  Immortal (Chrono Boost)  
  175  12:04  High Templar x2  
  175  12:05  High Templar x2  
  175  12:06  Zealot x3  
  189  12:10  Archon x2  
  185  12:31  Adept x3, Immortal (Chrono Boost)  
  192  12:41  Probe  
  191  12:47  Probe  
  191  12:48  Probe  
  193  12:53  Probe  
  194  13:02  Nexus  
  194  13:05  Pylon  
  192  13:19  Probe  
  187  13:24  Zealot x3  
  187  13:25  Zealot x2  
  153  13:27  Zealot x2  
  121  13:35  Probe  
  121  13:40  Probe  
Show
View Real Time Build Order
Export as new Build Order

Rengen Protoss - Winner!

Build Orders:  

Get SALT Encoding   

  12  0:00  Probe (Chrono Boost)  
  13  0:11  Probe (Chrono Boost)  
  14  0:17  Pylon  
  14  0:22  Probe (Chrono Boost)  
  16  0:35  Probe (Chrono Boost)  
  16  0:37  Gateway  
  16  0:44  Assimilator  
  16  0:46  Probe (Chrono Boost)  
  17  0:50  Assimilator  
  17  0:56  Probe (Chrono Boost)  
  18  1:07  Probe (Chrono Boost)  
  18  1:09  Gateway  
  19  1:18  Probe (Chrono Boost)  
  20  1:27  Cybernetics Core  
  20  1:28  Probe (Chrono Boost)  
  21  1:35  Pylon  
  21  1:39  Probe (Chrono Boost)  
  22  1:49  Probe (Chrono Boost)  
  23  2:03  Adept  
  23  2:04  Adept  
  23  2:05  Mothership Core (Chrono Boost)  
  23  2:06  Warp Gate (Chrono Boost)  
  29  2:09  Pylon  
  29  2:36  Stalker x2  
  33  2:59  Nexus  
  33  3:05  Robotics Facility  
  29  3:26  Gateway  
  29  3:29  Pylon  
  29  3:48  Probe (Chrono Boost)  
  29  3:53  Observer, Twilight Council  
  31  3:58  Stalker x2  
  31  3:59  Probe (Chrono Boost)  
  36  4:10  Probe (Chrono Boost)  
  36  4:14  Probe (Chrono Boost)  
  36  4:20  Observer (Chrono Boost), Probe (Chrono Boost)  
  38  4:25  Probe  
  38  4:26  Blink (Chrono Boost)  
  39  4:32  Probe  
  39  4:37  Probe  
  41  4:41  Sentry  
  41  4:42  Stalker  
  41  4:44  Probe  
  46  4:50  Probe  
  47  4:56  Probe  
  47  4:58  Immortal  
  48  5:02  Probe  
  48  5:05  Forge  
  53  5:07  Gateway  
  53  5:09  Probe  
  53  5:14  Sentry, Probe  
  55  5:18  Pylon  
  57  5:22  Pylon  
  57  5:23  Probe  
  57  5:27  Assimilator  
  57  5:28  Probe  
  59  5:31  Assimilator  
  59  5:35  Probe  
  60  5:40  Probe  
  61  5:46  Protoss Ground Weapons Level 1 (Chrono Boost)  
  61  5:49  Probe  
  62  5:55  Stalker x2  
  66  5:58  Stalker  
  66  5:59  Probe  
  69  6:05  Probe  
  69  6:06  Immortal  
  74  6:13  Pylon  
  74  6:15  Probe  
  75  6:24  Gateway  
  75  6:26  Gateway  
  75  6:29  Probe x2  
  77  6:41  Probe  
  77  6:44  Probe  
  79  6:57  Nexus  
  79  6:58  Pylon  
  79  7:00  Immortal (Chrono Boost)  
  83  7:03  Charge  
  83  7:08  Templar Archives  
  83  7:13  Protoss Ground Weapons Level 2  
  83  7:23  Gateway, Zealot  
  85  7:30  Gateway  
  85  7:35  Pylon, Immortal (Chrono Boost)  
  89  7:38  Zealot x2  
  93  7:46  Pylon  
  91  8:01  High Templar x3  
  98  8:05  Probe  
  98  8:07  High Templar  
  98  8:08  Zealot x2, Probe  
  98  8:09  Probe  
  106  8:15  Immortal (Chrono Boost)  
  106  8:17  Probe  
  106  8:18  Archon x2, Probe  
  111  8:22  Probe  
  111  8:26  Pylon  
  113  8:27  Photon Cannon  
  113  8:30  Photon Cannon, Probe  
  113  8:34  Probe  
  114  8:35  Probe  
  114  8:37  Assimilator  
  114  8:40  Assimilator  
  116  8:42  Probe  
  116  8:44  Probe  
  116  8:47  Probe  
  119  8:49  Pylon  
  119  8:52  Immortal (Chrono Boost)  
  119  8:53  High Templar x2  
  119  8:54  Probe  
  128  9:02  Archon, Probe  
  127  9:03  Probe  
  129  9:10  Protoss Ground Weapons Level 3  
  129  9:12  Gateway  
  129  9:14  Gateway  
  129  9:17  Gateway  
  129  9:21  High Templar x2, Gateway, Photon Cannon  
  133  9:25  Photon Cannon  
  133  9:27  Archon  
  133  9:29  Pylon  
  133  9:45  Warp Prism (Chrono Boost)  
  135  9:49  Zealot x6  
  147  9:59  High Templar  
  149  10:03  Pylon  
  149  10:07  Pylon  
  149  10:10  Pylon  
  149  10:11  Nexus  
  149  10:14  Pylon  
  149  10:30  High Templar x4  
  149  10:34  Archon x2  
  157  10:38  Assimilator  
  157  10:41  Assimilator  
  157  10:42  High Templar x2  
  161  10:45  Photon Cannon  
  161  10:46  Photon Cannon  
  161  10:48  High Templar  
  161  10:49  Photon Cannon x3, Archon  
  161  11:07  High Templar x2  
  161  11:08  Archon  
  153  11:11  Zealot  
  153  11:13  Zealot x2  
  163  11:18  Immortal (Chrono Boost)  
  163  11:20  Pylon, Archon  
  163  11:21  Pylon  
  163  11:27  Stargate  
  163  11:29  Pylon  
  163  11:31  Zealot x7  
  175  11:39  Zealot x2  
  179  11:43  Protoss Shields Level 1  
  165  11:54  High Templar  
  165  11:55  High Templar  
  165  11:56  Immortal (Chrono Boost)  
  165  11:59  Archon  
  169  12:03  Zealot x6  
  181  12:32  High Templar x3  
  181  12:36  Immortal (Chrono Boost)  
  191  12:37  Archon  
  179  12:44  Zealot  
  181  12:52  Oracle  
  182  13:02  Zealot x3  
  182  13:03  Zealot x5  
  188  13:23  Zealot x8  
  122  13:41  Zealot x4  
Tags
 
Add a new tag
Caveats
  • Supply blocks, unpowered buildings, or Contaminate may cause inaccurate times.
  • Supply counts are checked every 10 seconds.